 Dungeon Crawl Stone Soup version 0.29.1-15-g9cfb28693d (webtiles) character file.

Game seed: 17937649899200973401

357 112233 the Magician (level 6, 0/52 HPs)
             Began as a Naga Fire Elementalist on Feb 22, 2023.
             Was an Initiate of Vehumet.
             Succumbed to a killer bee's poison
             ... on level 4 of the Dungeon.
             The game lasted 00:06:14 (4985 turns).

112233 the Magician (Naga Fire Elementalist)        Turns: 4985, Time: 00:06:15

Health: 0/52       AC:  3    Str:  9    XL:     6   Next: 64%
Magic:  0/12       EV: 10    Int: 22    God:    Vehumet [......]
Gold:   192        SH:  0    Dex: 10    Spells: 7/13 levels left

rFire   . . .      SeeInvis +   e - +2 dagger (drain)
rCold   . . .      Faith    .   (no shield)
rNeg    . . .      Spirit   +   a - +0 robe
rPois   +          Reflect  .   (helmet restricted)
rElec   .          Harm     .   (no cloak)
rCorr   .          Rampage  .   (no gloves)
Will    .....                   (no barding)
Stlth   ++........              l - amulet of guardian spirit
HPRegen 0.17/turn               (no ring)
MPRegen 0.13/turn               (no ring)

@: brilliant, lethally poisoned (0 -> -4), flying, very slow
A: AC +2, large, see invisible, deformed body, poison resistance, slowness 2,
spit poison 2, naga tail 1, antennae 1, clever 1, no potion heal 1
a: Breathe Poison Gas, Renounce Religion


You were on level 4 of the Dungeon.
You worshipped Vehumet.
Vehumet was noncommittal.
You visited 1 branch of the dungeon, and saw 5 of its levels.

You collected 192 gold pieces.

Inventory:

Hand Weapons
 b - a +1 mace of venom
 e - a +2 dagger of draining (weapon)
 f - a +2 vorpal long sword
Armour
 a - a +0 robe (worn)
Jewellery
 l - an amulet of guardian spirit (around neck)
 n - an amulet of the acrobat
Wands
 c - a wand of mindburst (15)
 q - a wand of flame (8)
Scrolls
 h - 4 scrolls of identify {unknown}
 i - a scroll of amnesia {unknown}
 j - a scroll of brand weapon {unknown}
 m - a scroll of summoning {unknown}
 o - a scroll of enchant weapon {unknown}
 p - 2 scrolls of blinking {unknown}
 r - a scroll of noise {unknown}
Potions
 g - a potion of mutation


   Skills:
 + Level 2.2 Fighting
 + Level 2.9 Dodging
 - Level 3.5 Stealth
 * Level 4.0 Spellcasting
 + Level 2.9 Conjurations
 - Level 3.2 Fire Magic


You had 7 spell levels left.
You knew the following spells:

 Your Spells              Type           Power      Damage    Failure   Level
a - Foxfire               Conj/Fire      100%       2x1d9     3%          1
b - Scorch                Fire           56%        2d7       4%          2
c - Inner Flame           Hex/Fire       17%        N/A       17%         3

Your spell library contained the following spells:

 Spells                   Type           Power      Damage    Failure   Level
 Conjure Flame            Conj/Fire      27%        6-21      10%         3
 Flame Wave               Conj/Fire      27%        2d9       30%         4


Dungeon Overview and Level Annotations

Branches:
Dungeon (5/15)
 Temple: D:4-7

Altars:
Nemelex Xobeh
Sif Muna
Trog
Uskayaw
Vehumet
Yredelemnul
Zin

Shops:
D:3 *

Annotations:
D:3 Pikel
D:4 exclusion: downstairs, Eustachio


Innate Abilities, Weirdness & Mutations

Your serpentine skin is tough. (AC +2)
You have supernaturally acute eyesight. (SInv)
Armour fits poorly on your strangely shaped body.
Your system is resistant to poisons. (rPois)
You cover ground very slowly.
You can exhale a cloud of poison.
You have a snake-like lower body.
You have a pair of small antennae on your head.
Your mind is acute. (Int +4, Str/Dex -1)
Potions are less effective at restoring your health.


Message History

The killer bee stings you.
* * * LOW HITPOINT WARNING * * *
The killer bee stings you but does no damage.
The killer bee barely misses you.
It was a potion of heal wounds.
Your system partially rejects the healing.
You feel much better. The killer bee completely misses you.
The killer bee closely misses you. The killer bee stings you.
* * * LOW HITPOINT WARNING * * *
You are lethally poisoned!
The killer bee poisons you! The killer bee stings you.
* * * LOW HITPOINT WARNING * * *
Your system partially rejects the healing.
You feel much better.
You feel sick.
The killer bee stings you but does no damage.
The killer bee stings you.
* * * LOW HITPOINT WARNING * * *
The killer bee stings you.
* * * LOW HITPOINT WARNING * * *
The killer bee barely misses you.
It was a potion of brilliance.
You feel clever all of a sudden.
* * * LOW HITPOINT WARNING * * *
You feel sick. The killer bee barely misses you. x2
The killer bee stings you.
* * * LOW HITPOINT WARNING * * *
The killer bee barely misses you.
Casting: Scorch (safe; 4% risk of failure)
Confirm with . or Enter, or press ? or * to list all spells.
You don't have enough magic to cast this spell.
Unknown command.
Unknown command.
Unknown command.
Casting: Scorch (safe; 4% risk of failure)
Confirm with . or Enter, or press ? or * to list all spells.
You don't have enough magic to cast this spell.
Unknown command.
You closely miss the killer bee.
The killer bee is almost dead.
You die...

#.#.############## #
..#......#.......###
........'.........'
#......#.......###
#......#.......# #
#......#.......#
#......#########
#......# #@y....#
#y###### ## #.# #.
#.# ####. #.# #....
#.# #.... #.# ##...#
... #.._.. ...
#.....


You could see 2 killer bees.

Vanquished Creatures
  A lemure (D:4)
  4 killer bees (D:4)
  An orc priest (D:3)
  A scorpion zombie (D:3)
  2 hound zombies (D:3)
  A gnoll (D:1)
  An adder (D:3)
  4 worms
  2 dart slugs (D:1)
  4 orcs
  5 endoplasms
  5 giant cockroaches
  4 goblins
  3 hobgoblins (D:1)
  4 jackals
  5 quokkas
  2 ball pythons
  5 bats
  3 frilled lizards
  A jackal zombie (D:3)
  3 kobolds
  4 rats
65 creatures vanquished.

Vanquished Creatures (others)
  A quokka (D:4)
  235 foxfires
236 creatures vanquished.

Grand Total: 301 creatures vanquished

Notes
Turn   | Place    | Note
-------+----------+-------------------------------------------
     0 | D:1      | 112233 the Naga Fire Elementalist began the quest for the
                  | Orb.
     0 | D:1      | Reached XP level 1. HP: 15/15 MP: 3/3
    24 | D:1      | Reached XP level 2. HP: 19/22 MP: 0/5
   259 | D:1      | HP: 1/22 [quokka (2)]
   765 | D:1      | Learned a level 2 spell: Scorch
   832 | D:1      | Reached XP level 3. HP: 28/28 MP: 2/6
  1160 | D:1      | Found a faded altar of an unknown god.
  1646 | D:2      | Found a glowing silver altar of Zin.
  2294 | D:2      | Reached XP level 4. HP: 37/37 MP: 2/7
  2461 | D:2      | Learned a level 3 spell: Inner Flame
  2768 | D:3      | Found Luyppol's General Store.
  2812 | D:3      | Reached skill level 1 in Fighting
  3096 | D:3      | Reached skill level 3 in Spellcasting
  3226 | D:3      | Identified the +11 sling of Perfectionism {flame, Str+4}
  3288 | D:3      | Reached XP level 5. HP: 44/44 MP: 4/9
  3336 | D:3      | Found a shimmering blue altar of Sif Muna.
  3401 | D:3      | Found a radiant altar of Vehumet.
  3412 | D:3      | Became a worshipper of Vehumet
  3431 | D:3      | Found a bloodstained altar of Trog.
  3646 | D:3      | Found a basalt altar of Yredelemnul.
  3716 | D:3      | Found a hide-covered altar of Uskayaw.
  4042 | D:3      | Found a glowing silver altar of Zin.
  4101 | D:4      | Noticed a lemure
  4111 | D:4      | Killed a lemure
  4122 | D:4      | Noticed Pikel
  4375 | D:4      | Noticed Eustachio
  4393 | D:4      | Noticed a lemure
  4398 | D:4      | Noticed a lemure
  4401 | D:4      | Noticed a lemure
  4711 | D:4      | Found a sparkling altar of Nemelex Xobeh.
  4866 | D:5      | Entered Level 5 of the Dungeon
  4970 | D:4      | Reached XP level 6. HP: 52/52 MP: 7/11
  4972 | D:4      | Gained mutation: Potions are less effective at restoring
                  | your health. [potion of mutation]
  4972 | D:4      | Gained mutation: Your mind is acute. (Int +4, Str/Dex -1)
                  | [potion of mutation]
  4972 | D:4      | Gained mutation: You have a pair of small antennae on your
                  | head. [potion of mutation]
  4972 | D:4      | Gained mutation: You can exhale a cloud of poison. [potion
                  | of mutation]
  4979 | D:4      | Reached skill level 4 in Spellcasting
  4981 | D:4      | HP: 1/52 [killer bee (3)]
  4985 | D:4      | Succumbed to a killer bee's poison

Illustrated notes

Levels and vault maps discovered:
D:1:      lightli_arrival_boilingwater, layout_loops_ring,
          shapermc_ecumenical_altar_flowoftime, chequers_garden,
          nicolae_grassy_gnolls
D:2:      layout_rooms, basic_altar
D:3:      layout_basic, mainiacjoe_overflow_boulevard,
          nicolae_yredelemnul_corpse_copse, nicolae_overflow_quartered_altars,
          serial_shops, nicolae_square_shop, grunt_ministairs_14,
          kennysheep_generic_room_10
D:4:      layout_basic, grunt_qazlal_clouds, mainiacjoe_overflow_alcove_1,
          gammafunk_temple_overflow_wave, chequers_serial_rivers_marsh,
          kennysheep_small_spiral, minmay_unequal, uniq_pikel,
          uniq_crazy_yiuf_cottage, uniq_eustachio
D:5:      layout_gridville, minmay_increasing_density

Skill      XL: |  1  2  3  4  5  6 |
---------------+-------------------+-----
Dodging        | 2 |  2.9
Fighting       | 1 2 |  2.2
Conjurations   | 2 |  2.9
Spellcasting   | 3 4 |  4.0
Stealth        | |  3.5
Fire Magic     | |  3.2

Action                   |  1- 3 |  4- 6 || total
-------------------------+-------+-------++-------
Melee: Unarmed           |     2 |       ||     2
       Dagger            |       |     1 ||     1
 Cast: Foxfire           |    84 |    59 ||   143
       Scorch            |     6 |    23 ||    29
 Abil: Spit Poison       |     7 |     2 ||     9
Evoke: Wand              |       |     4 ||     4
  Use: Potion            |       |     8 ||     8
       Scroll            |       |     3 ||     3
Armor: Robe              |     2 |    13 ||    15
Dodge: Dodged            |    23 |    37 ||    60
